 Dungeon Crawl Stone Soup version 0.17-a0-1650-gce8475a (webtiles) character file.

298 kae the Firebug (level 6, -1/32 HPs)
             Began as a Tengu Fire Elementalist on Aug 13, 2015.
             Slain by a centaur (2 damage)
             ... on level 4 of the Dungeon.
             The game lasted 00:06:45 (4559 turns).

kae the Firebug (Tengu Fire Elementalist)           Turns: 4559, Time: 00:06:45

Health: -1/32      AC:  4    Str:  9    XL:     6   Next: 35%
Magic:  3/11       EV: 12    Int: 17    God:
Gold:   156        SH:  0    Dex: 14    Spells: 3 memorised, 5 levels left

rFire  . . .     SeeInvis .     x - +0 trident
rCold  . . .     Clarity  .     p - +1 robe {rN+}
rNeg   + . .     SustAt   .     (no shield)
rPois  .         Gourm    .     (helmet restricted)
rElec  .         Spirit   .     (no cloak)
rCorr  .         Warding  .     e - +0 pair of gloves
rMut   .         Stasis   .     (boots unavailable)
MR     .....                    (no amulet)
Stlth  ++........               (no ring)
                                (no ring)

@: not resistant to hostile enchantments, unstealthy
A: beak, talons 3, able to fly 1
a: Fly


You were on level 4 of the Dungeon.
You were very hungry.

You visited 1 branch of the dungeon, and saw 4 of its levels.

You collected 156 gold pieces.

Inventory:

Hand weapons
 f - a +0 whip
 h - a +0 spear
 x - a +0 trident (weapon)
Armour
 a - a +0 robe
 e - a +0 pair of gloves (worn)
 p - a +1 robe of positive energy (worn)
Magical devices
 u - a wand of random effects (19)
Scrolls
 j - a scroll of amnesia {unknown}
 k - a scroll of teleportation
 n - a scroll of blinking
Potions
 d - a potion of cancellation
 i - a potion of lignification {unknown}
 l - a potion of might {unknown}
 o - a potion of magic
 s - a potion of degeneration {unknown}
 t - a potion of agility {unknown}
Books
 b - a book of Flames

   Spells                             Type                      Level
   a - Flame Tongue                   Conjuration/Fire             1
   b - Throw Flame                    Conjuration/Fire             2
   c - Conjure Flame                  Conjuration/Fire             3
   d - Inner Flame                    Hexes/Fire                   3
   e - Sticky Flame                   Conjuration/Fire             4
   f - Fireball                       Conjuration/Fire             5
 q - a book of Changes

   Spells                             Type                      Level
   a - Beastly Appendage              Transmutation                1
   b - Sticks to Snakes               Transmutation                2
   c - Spider Form                    Transmutation/Poison         3
   d - Ice Form                       Ice/Transmutation            4
   e - Blade Hands                    Transmutation                5
Comestibles
 c - 6 bread rations
 m - a meat ration
 r - 2 fruits
 v - a slice of pizza
 w - 3 chunks of flesh


   Skills:
 - Level 2.1 Dodging
 - Level 2.0 Stealth
 + Level 3.1 Spellcasting
 * Level 4.7 Conjurations
 * Level 5.7 Fire Magic


You had 5 spell levels left.
You knew the following spells:

 Your Spells              Type           Power        Failure   Level  Hunger
a - Flame Tongue          Conj/Fire      ###..        1%          1    None
b - Throw Flame           Conj/Fire      ###...       2%          2    ##.....
c - Conjure Flame         Conj/Fire      ###.....     8%          3    ###....


Dungeon Overview and Level Annotations

Branches:
Dungeon (4/15)
 Temple: D:4-7

Altars:
Nemelex Xobeh
Okawaru
Xom
Yredelemnul
The Shining One

Annotations:
D:3 Sigmund


Innate Abilities, Weirdness & Mutations

You have a beak for a mouth.
You have claws for feet.
You can fly.


Message History

The centaur is severely wounded.
The centaur hits you but does no damage.
The centaur hits you.
The gnoll hits you from afar with a spear!
* * * LOW HITPOINT WARNING * * *
Unknown command.
Read which item? (? for menu, Esc to quit)
Blink to where?
Press: ? - help, Dir - move target cursor, p - centaur
Okay, then.
Unknown command.
Unknown command.
Unknown command.
Drink which item? (? for menu, Esc to quit)
You feel better. The centaur hits you!
* * * LOW HITPOINT WARNING * * *
The gnoll hits you from afar with a spear!
* * * LOW HITPOINT WARNING * * *
The centaur hits you.
You die...

#.#..# #. .#
#....####.## .#
#.......>..# .#
#....####..# .# #.##.#
#..# .# #.##.#
#.#####.###### #.##.#
#.(ยง?..#..g..#
#.##.#####(#####(###...
#.##......@.g(()).g.g#
#.###.....c######.##...#
#######.###.####....) .#
.# #.............##.####
## #.##.######.#.##..
#.##.## #.#.#####
#.#...## #.....# ..
#......######.#.####..#
.......<..............#


You could see a centaur and a gnoll.

Vanquished Creatures
  Jessica (D:2)
  A worker ant (D:4)
  A hound skeleton (D:4)
  6 gnolls
  Robin (D:3)
  5 adders
  2 oozes
  A worm (D:3)
  9 orcs
  5 bats
  2 giant cockroaches (D:2)
  22 goblins
  9 hobgoblins
  7 jackals
  2 quokkas
  2 giant geckos
  A giant newt (D:1)
  11 kobolds
  11 rats
99 creatures vanquished.

Notes
Turn   | Place    | Note
--------------------------------------------------------------
     0 | D:1      | kae the Tengu Fire Elementalist began the quest for the Orb.
     0 | D:1      | Reached XP level 1. HP: 10/10 MP: 4/4
   339 | D:1      | Reached XP level 2. HP: 10/15 MP: 1/6
   759 | D:1      | Reached skill level 4 in Fire Magic
   781 | D:2      | Noticed Jessica
   850 | D:2      | Reached XP level 3. HP: 19/19 MP: 4/7
  1149 | D:2      | Reached XP level 4. HP: 15/24 MP: 3/8
  1277 | D:2      | Killed Jessica
  1411 | D:2      | Found a glowing golden altar of the Shining One.
  1435 | D:2      | Found a basalt altar of Yredelemnul.
  2051 | D:2      | Noticed an angel
  2206 | D:3      | Gained mutation: You can fly. [Tengu growth]
  2206 | D:3      | Reached XP level 5. HP: 28/28 MP: 8/10
  2327 | D:3      | Learned a level 2 spell: Throw Flame
  2331 | D:3      | Learned a level 3 spell: Conjure Flame
  2577 | D:3      | Reached skill level 5 in Fire Magic
  2610 | D:3      | Found a sparkling altar of Nemelex Xobeh.
  2623 | D:3      | Noticed Robin
  2699 | D:3      | Killed Robin
  2906 | D:3      | Noticed Sigmund
  3077 | D:3      | Found an iron altar of Okawaru.
  3237 | D:3      | Found a shimmering altar of Xom.
  3754 | D:3      | Reached XP level 6. HP: 29/32 MP: 1/11
  4559 | D:4      | HP: 1/32 [gnoll/spear (8)]
  4559 | D:4      | Slain by a centaur

Vault maps used:
D:1:      roderic_crossed_star
D:2:      grunt_temple_overflow_holy_war, uniq_jessica
D:3:      lemuel_doored_altar, okawaru_trees_2, xom_butterflies,
          feat_on_display, uniq_robin, uniq_sigmund
D:4:      makhleb_blood_cavern_becter, first_bread

Action                   |  1- 3 |  4- 6 || total
-------------------------+-------+-------++-------
Melee: Whip              |     4 |       ||     4
       Unarmed           |     1 |       ||     1
       Spear             |    20 |    82 ||   102
       Trident           |       |     1 ||     1
 Cast: Flame Tongue      |    39 |    89 ||   128
       Throw Flame       |       |    14 ||    14
       Conjure Flame     |       |     2 ||     2
  Use: Scroll            |       |     8 ||     8
       Potion            |       |     1 ||     1
 Stab: Sleeping          |     2 |     1 ||     3
       Distracted        |       |     1 ||     1
  Eat: Chunk             |     1 |    11 ||    12
